Ducks vs Panthers

Created - February 11, 2017 at 10:09

Goals
1 2 3 T
Ducks 0 0 2 2
Panthers 4 0 1 5
Shots
1 2 3 T
Ducks 4 9 10 23
Panthers 18 5 9 32

1st period

1. Panthers , Vladimir Tarasenko 19 (Pavel Datsyuk, Joe Thornton) at 1:41 (PP)
2. Panthers , Alex Tanguay 7 (Mikkel Boedker, Tyler Myers) at 2:25
3. Panthers , Nikolaj Ehlers 12 (Patrick Kane, Jacob Trouba) at 4:04
4. Panthers , Patrick Kane 33 (Danny DeKeyser, Tyler Myers) at 19:19 (PP)

Penalties :
Travis Hamonic (ANA) for Tripping (Minor) at 1:13, Blake Comeau (ANA) for High sticking (Minor) at 7:21, Travis Hamonic (ANA) for Hooking (Minor) at 10:51, Travis Hamonic (ANA) for Roughing (Minor) at 17:29

2nd period

No Goal

Penalties :
Matt Hunwick (ANA) for Hooking (Minor) at 4:07, Mikkel Boedker (FLA) for Hooking (Minor) at 12:11, Matt Hunwick (ANA) for Holding Stick (Minor) at 14:21, Pascal Dupuis (ANA) for Hooking (Minor) at 18:26

3rd period

5. Ducks , Wayne Simmonds 23 (Colton Parayko, Bobby Ryan) at 6:58 (PP)
6. Panthers , Matt Duchene 21 (Patrick Kane, T.J. Brodie) at 7:19
7. Ducks , Boone Jenner 13 (Ryan OReilly, Andrei Markov) at 12:04

Penalties :
Antoine Roussel (ANA) for Slashing (Minor) at 3:46, Justin Braun (FLA) for Holding (Minor) at 6:21

Goalie Stats

Robin Lehner (ANA), 27 saves from 32 shots - (0.844), L, 1-1-0, 60:00 minutes
Marc-Andre Fleury (FLA), 21 saves from 23 shots - (0.913), W, 32-16-2, 60:00 minutes

Players Stats for Ducks

Player Name              G  A  P  +/- PIM S  H  SB GA TA FO     MP     PP MP  PK MP  
------------------------------------------------------------------------------------
Aaron Ekblad             0  0  0   0  0   2  1  1  0  0  0/0    20:54   1:50   3:59 
Andrei Markov            0  1  1   0  0   0  0  0  0  0  0/0    21:58   0:46   6:19 
Antoine Roussel          0  0  0   0  2   0  2  0  0  0  0/1    12:10   0:00   7:43 
Blake Comeau             0  0  0   1  2   2  1  1  0  0  5/7    19:26   0:00   4:32 
Bobby Ryan               0  1  1  -1  0   0  0  0  0  0  0/0    15:23   1:50   0:00 
Boone Jenner             1  0  1   1  0   2  1  0  0  0  0/0    14:55   0:46   0:00 
Brandon Dubinsky         0  0  0  -2  0   4  0  1  0  0  12/17  21:50   0:00   9:25 
Claude Giroux            0  0  0  -1  0   2  0  0  0  0  8/16   15:23   1:50   0:00 
Colton Parayko           0  1  1  -1  0   1  1  0  0  0  0/0    21:51   1:34   6:20 
Eric Nystrom             0  0  0   0  0   0  0  1  0  0  1/2     7:52   0:00   4:47 
Erik Johnson             0  0  0   0  0   0  1  1  0  0  0/0     4:08   0:00   0:59 
Mark Scheifele           0  0  0  -2  0   2  0  0  0  0  9/18   13:11   0:46   0:00 
Matt Hunwick             0  0  0  -1  4   0  2  1  0  0  0/0    21:41   0:00   5:36 
Mikhail Grigorenko       0  0  0   0  0   2  0  0  0  0  2/5     3:05   0:00   0:00 
Pascal Dupuis            0  0  0  -2  2   1  2  0  0  0  0/2    14:39   0:00   2:15 
Ryan OReilly             0  1  1   1  0   1  0  0  0  0  9/20   15:35   0:46   0:18 
Travis Hamonic           0  0  0  -2  6   0  4  5  0  0  0/0    26:16   1:02   4:35 
Wayne Simmonds           1  0  1  -1  0   4  5  0  0  0  1/2    15:23   1:50   0:00 

Players Stats for Panthers

Player Name              G  A  P  +/- PIM S  H  SB GA TA FO     MP     PP MP  PK MP  
------------------------------------------------------------------------------------
Alex Tanguay             1  0  1   1  0   1  0  0  0  0  0/0    10:38   0:00   0:00 
Artem Anisimov           0  0  0   1  0   3  1  0  0  0  11/16  11:59   0:00   1:21 
Danny DeKeyser           0  1  1   1  0   0  1  1  0  0  0/0    19:21   5:33   0:00 
Jacob Trouba             0  1  1   1  0   3  1  2  0  0  0/0    23:08   8:09   1:33 
Jesper Fast              0  0  0   0  0   0  0  0  0  0  0/0     4:07   0:00   1:15 
Joe Thornton             0  1  1  -1  0   0  1  0  0  0  15/30  21:51   7:06   0:00 
Justin Braun             0  0  0   1  2   0  0  4  0  0  0/0    18:02   0:30   1:03 
Matt Duchene             1  0  1   2  0   1  2  0  0  0  12/30  22:03   7:06   0:00 
Mikkel Boedker           0  1  1   1  2   3  0  0  0  0  0/1    10:37   0:00   0:00 
Nikolaj Ehlers           1  0  1   2  0   2  0  0  0  0  0/1    22:03   7:06   0:00 
Patrick Kane             1  2  3   2  0   4  0  0  0  0  0/2    22:03   7:06   0:00 
Pavel Datsyuk            0  1  1  -1  0   5  1  1  0  0  1/1    23:12   7:06   1:21 
Pierre-Edouard Bellemare 0  0  0   0  0   0  0  0  0  0  3/6     4:07   0:00   1:15 
Reid Boucher             0  0  0   0  0   0  1  0  0  0  0/1     2:52   0:00   0:00 
T.J. Brodie              0  1  1   1  0   4  1  3  0  0  0/0    26:12   8:39   1:03 
Trevor van Riemsdyk      0  0  0   0  0   0  2  0  0  0  0/0    13:16   0:00   0:00 
Tyler Myers              0  2  2   0  0   1  1  1  0  0  0/0    20:00   5:33   1:33 
Vladimir Tarasenko       1  0  1  -1  0   5  1  0  0  0  1/2    21:51   7:06   0:00 

3 Stars

1 - Patrick Kane (FLA)
2 - Matt Duchene (FLA)
3 - Nikolaj Ehlers (FLA)

Power Play

Ducks - 1 on 2 Attempt(s) - 50.00%
Panthers - 2 on 8 Attempt(s) - 25.00%

Penalty Kill

Ducks - 6 on 8 Attempt(s) - 75.00% - Score 0 goal in Penalty Kill
Panthers - 1 on 2 Attempt(s) - 50.00% - Score 0 goal in Penalty Kill

Team Stat

Ducks - Hits : 20 - Faceoff Wins : 47 - Blocked Shots : 11 - Penalty Minutes : 16
Panthers - Hits : 13 - Faceoff Wins : 43 - Blocked Shots : 12 - Penalty Minutes : 4

Official

Referees : Evgeny Romasko and Wes McCauley
Linesman : Steve Miller and Don Henderson

Game Notes

Erik Johnson is injured at 10:37 of 1st period (Bruised Right Leg)

Finance

Level 1 -- Attendance: 6000 (100.00%) -- Ticket Income $642,000
Level 2 -- Attendance: 4829 (96.58%) -- Ticket Income $362,175
Level 3 -- Attendance: 2953 (84.37%) -- Ticket Income $144,697
Level 4 -- Attendance: 2896 (77.23%) -- Ticket Income $66,608
Luxury Box -- Attendance: 973 (97.30%) -- Ticket Income $197,519
Game was played at the BBT Center.
Total Attendance: 17651 (91.69%)
Total Ticket Income: $1,412,999
Other Income: $211,950
Total Income: $1,624,949

% Time on Ice - Ducks

Lines # - Real PCT - Wanted PCT - Time Play
Normal Forward
1 - 31% - 30% - 13:33
2 - 33% - 30% - 14:09
3 - 29% - 30% - 12:25
4 - 7% - 10% - 3:05
Normal Defense
1 - 37% - 35% - 16:01
2 - 32% - 35% - 13:44
3 - 31% - 30% - 13:27
4 - 0% - 0% - 0:00
PP Forward
1 - 71% - 55% - 1:50
2 - 29% - 45% - 0:46
PP Defense
1 - 50% - 57% - 1:18
2 - 50% - 43% - 1:18
PK Forward
1 - 66% - 57% - 9:25
2 - 34% - 43% - 4:47
PK Defense
1 - 54% - 57% - 7:43
2 - 46% - 43% - 6:29
PK3 Forward
1 - 0% - 60%
2 - 0% - 40%
PK3 Defense
1 - 0% - 57%
2 - 0% - 43%
44 Forward
1 - 0% - 50%
2 - 0% - 50%
44 Defense
1 - 0% - 50%
2 - 0% - 50%
Last Minute Offensive  - 0:00
Last Minute Defensive  - 0:00
Total
Forward - 60:00
Defense - 60:00

% Time on Ice - Panthers

Lines # - Real PCT - Wanted PCT - Time Play
Normal Forward
1 - 35% - 37% - 14:57
2 - 34% - 33% - 14:45
3 - 25% - 25% - 10:38
4 - 7% - 5% - 2:52
Normal Defense
1 - 38% - 40% - 16:30
2 - 31% - 35% - 13:26
3 - 31% - 25% - 13:16
4 - 0% - 0% - 0:00
PP Forward
1 - 50% - 50% - 7:06
2 - 50% - 50% - 7:06
PP Defense
1 - 61% - 60% - 8:39
2 - 39% - 40% - 5:33
PK Forward
1 - 48% - 50% - 1:15
2 - 52% - 50% - 1:21
PK Defense
1 - 60% - 60% - 1:33
2 - 40% - 40% - 1:03
PK3 Forward
1 - 0% - 60%
2 - 0% - 40%
PK3 Defense
1 - 0% - 60%
2 - 0% - 40%
44 Forward
1 - 0% - 60%
2 - 0% - 40%
44 Defense
1 - 0% - 60%
2 - 0% - 40%
Last Minute Offensive  - 0:00
Last Minute Defensive  - 0:00
Total
Forward - 60:00
Defense - 60:00

Play by Play

1st period


0:01 of 1st period - Claude Giroux wins face-off versus Matt Duchene in neutral zone.
0:38 of 1st period - Shot by Wayne Simmonds.
0:38 of 1st period - Shot Misses the Net.
0:40 of 1st period - Shot by Wayne Simmonds.
0:40 of 1st period - Shot Blocked by T.J. Brodie.
0:42 of 1st period - Shot by Wayne Simmonds.
0:42 of 1st period - Deflect By Bobby Ryan.
0:42 of 1st period - Shot Blocked by Justin Braun.
1:10 of 1st period - Shot by Joe Thornton.
1:10 of 1st period - Deflect By Vladimir Tarasenko.
1:10 of 1st period - Shot Blocked by Aaron Ekblad.
1:13 of 1st period - Minor Penalty to Travis Hamonic for Tripping.
1:14 of 1st period - Brandon Dubinsky wins face-off versus Joe Thornton in Ducks zone.
1:27 of 1st period - Shot by Vladimir Tarasenko.
1:27 of 1st period - Stopped by Robin Lehner without a rebound.
1:28 of 1st period - Joe Thornton wins face-off versus Blake Comeau in Ducks zone.
1:41 of 1st period - Shot by Vladimir Tarasenko.
1:41 of 1st period - Goal by Vladimir Tarasenko - Ducks : 0 - Panthers : 1.
1:42 of 1st period - Artem Anisimov wins face-off versus Mark Scheifele in neutral zone.
2:05 of 1st period - Shot by Mark Scheifele.
2:05 of 1st period - Shot Misses the Net.
2:25 of 1st period - Shot by Mikkel Boedker.
2:25 of 1st period - Deflect By Alex Tanguay.
2:25 of 1st period - Goal by Alex Tanguay - Ducks : 0 - Panthers : 2.
2:26 of 1st period - Ryan OReilly wins face-off versus Joe Thornton in neutral zone.
2:44 of 1st period - Shot by Blake Comeau.
2:44 of 1st period - Stopped by Marc-Andre Fleury without a rebound.
2:45 of 1st period - Mikhail Grigorenko wins face-off versus Pierre-Edouard Bellemare in Panthers zone.
3:06 of 1st period - Shot by Mikhail Grigorenko.
3:06 of 1st period - Shot Misses the Net.
3:08 of 1st period - Shot by Antoine Roussel.
3:08 of 1st period - Shot Misses the Net.
3:28 of 1st period - Shot by Mikhail Grigorenko.
3:28 of 1st period - Stopped by Marc-Andre Fleury without a rebound.
3:29 of 1st period - Joe Thornton wins face-off versus Ryan OReilly in Panthers zone.
3:38 of 1st period - Icing by Jacob Trouba.
3:39 of 1st period - Mark Scheifele wins face-off versus Joe Thornton in Panthers zone.
3:46 of 1st period - Shot by Mark Scheifele.
3:46 of 1st period - Stopped by Marc-Andre Fleury without a rebound.
3:47 of 1st period - Claude Giroux wins face-off versus Matt Duchene in Panthers zone.
3:48 of 1st period - Shot by Matt Hunwick.
3:48 of 1st period - Shot Blocked by Danny DeKeyser.
4:04 of 1st period - Shot by Nikolaj Ehlers.
4:04 of 1st period - Goal by Nikolaj Ehlers - Ducks : 0 - Panthers : 3.
4:05 of 1st period - Joe Thornton wins face-off versus Ryan OReilly in neutral zone.
4:19 of 1st period - Shot by Ryan OReilly.
4:19 of 1st period - Shot Misses the Net.
4:21 of 1st period - Shot by Blake Comeau.
4:21 of 1st period - Stopped by Marc-Andre Fleury without a rebound.
4:22 of 1st period - Artem Anisimov wins face-off versus Pascal Dupuis in Panthers zone.
4:22 of 1st period - Mikkel Boedker is hit by Pascal Dupuis and loses puck.
4:33 of 1st period - Shot by Pascal Dupuis.
4:33 of 1st period - Shot Misses the Net.
4:44 of 1st period - Icing by Matt Hunwick.
4:45 of 1st period - Mark Scheifele wins face-off versus Matt Duchene in Ducks zone.
6:07 of 1st period - Shot by Vladimir Tarasenko.
6:07 of 1st period - Shot Misses the Net.
6:17 of 1st period - Travis Hamonic is hit by Vladimir Tarasenko.
7:02 of 1st period - Shot by Artem Anisimov.
7:02 of 1st period - Shot Misses the Net.
7:20 of 1st period - Tyler Myers is hit by Boone Jenner.
7:21 of 1st period - Minor Penalty to Blake Comeau for High sticking.
7:22 of 1st period - Matt Duchene wins face-off versus Brandon Dubinsky in Ducks zone.
7:25 of 1st period - Shot by Patrick Kane.
7:25 of 1st period - Stopped by Robin Lehner without a rebound.
7:26 of 1st period - Matt Duchene wins face-off versus Antoine Roussel in Ducks zone.
7:26 of 1st period - Matt Duchene is hit by Erik Johnson.
7:30 of 1st period - Shot by Patrick Kane.
7:30 of 1st period - Shot Misses the Net.
7:32 of 1st period - Shot by Jacob Trouba.
7:32 of 1st period - Stopped by Robin Lehner with a rebound.
7:56 of 1st period - Shot by Jacob Trouba.
7:56 of 1st period - Stopped by Robin Lehner without a rebound.
7:57 of 1st period - Joe Thornton wins face-off versus Pascal Dupuis in Ducks zone.
8:30 of 1st period - Shot by Joe Thornton.
8:30 of 1st period - Shot Misses the Net.
8:32 of 1st period - Shot by Tyler Myers.
8:32 of 1st period - Stopped by Robin Lehner with a rebound.
8:34 of 1st period - Shot by Pavel Datsyuk.
8:34 of 1st period - Stopped by Robin Lehner with a rebound.
8:36 of 1st period - Shot by Joe Thornton.
8:36 of 1st period - Shot Blocked by Brandon Dubinsky.
8:58 of 1st period - Shot by Jacob Trouba.
8:58 of 1st period - Stopped by Robin Lehner without a rebound.
8:59 of 1st period - Matt Duchene wins face-off versus Eric Nystrom in Ducks zone.
9:20 of 1st period - Shot by Nikolaj Ehlers.
9:20 of 1st period - Stopped by Robin Lehner without a rebound.
9:21 of 1st period - Artem Anisimov wins face-off versus Ryan OReilly in Ducks zone.
9:38 of 1st period - Shot by Alex Tanguay.
9:38 of 1st period - Shot Misses the Net.
9:40 of 1st period - Shot by Mikkel Boedker.
9:40 of 1st period - Stopped by Robin Lehner without a rebound.
9:41 of 1st period - Matt Duchene wins face-off versus Claude Giroux in Ducks zone.
9:46 of 1st period - Shot by Patrick Kane.
9:46 of 1st period - Shot Misses the Net.
10:35 of 1st period - Shot by Vladimir Tarasenko.
10:35 of 1st period - Deflect By Pavel Datsyuk.
10:35 of 1st period - Shot Misses the Net.
10:37 of 1st period - Shot by Joe Thornton.
10:37 of 1st period - Shot Blocked by Erik Johnson.
10:37 of 1st period - Erik Johnson from Ducks is injured at 10:37 of 1st period (Bruised Right Leg).
10:38 of 1st period - Joe Thornton wins face-off versus Ryan OReilly in Ducks zone.
10:38 of 1st period - Pavel Datsyuk is hit by Travis Hamonic.
10:51 of 1st period - Minor Penalty to Travis Hamonic for Hooking.
10:52 of 1st period - Brandon Dubinsky wins face-off versus Joe Thornton in Ducks zone.
10:52 of 1st period - Brandon Dubinsky is hit by Joe Thornton.
10:58 of 1st period - T.J. Brodie is hit by Antoine Roussel and loses puck.
11:16 of 1st period - Icing by Pavel Datsyuk.
11:17 of 1st period - Brandon Dubinsky wins face-off versus Joe Thornton in Panthers zone.
12:35 of 1st period - Off-side.
12:36 of 1st period - Joe Thornton wins face-off versus Brandon Dubinsky in neutral zone.
12:39 of 1st period - Shot by T.J. Brodie.
12:39 of 1st period - Stopped by Robin Lehner without a rebound.
12:40 of 1st period - Matt Duchene wins face-off versus Blake Comeau in Ducks zone.
12:53 of 1st period - Shot by Patrick Kane.
12:53 of 1st period - Deflect By Artem Anisimov.
12:53 of 1st period - Shot Misses the Net.
12:55 of 1st period - Shot by Mikkel Boedker.
12:55 of 1st period - Shot Blocked by Travis Hamonic.
12:57 of 1st period - Shot by Tyler Myers.
12:57 of 1st period - Shot Blocked by Travis Hamonic.
13:11 of 1st period - Shot by Mikkel Boedker.
13:11 of 1st period - Stopped by Robin Lehner with a rebound.
13:15 of 1st period - Shot by Artem Anisimov.
13:15 of 1st period - Stopped by Robin Lehner without a rebound.
13:16 of 1st period - Joe Thornton wins face-off versus Mark Scheifele in Ducks zone.
13:23 of 1st period - Shot by Pavel Datsyuk.
13:23 of 1st period - Stopped by Robin Lehner without a rebound.
13:24 of 1st period - Ryan OReilly wins face-off versus Matt Duchene in Ducks zone.
13:40 of 1st period - Ryan OReilly is hit by Matt Duchene and loses puck.
14:38 of 1st period - Icing by Jacob Trouba.
14:39 of 1st period - Joe Thornton wins face-off versus Claude Giroux in Panthers zone.
14:39 of 1st period - Joe Thornton is hit by Wayne Simmonds.
14:45 of 1st period - Shot by Pavel Datsyuk.
14:45 of 1st period - Stopped by Robin Lehner without a rebound.
14:46 of 1st period - Claude Giroux wins face-off versus Joe Thornton in Ducks zone.
14:46 of 1st period - Claude Giroux is hit by Pavel Datsyuk.
15:49 of 1st period - Off-side.
15:50 of 1st period - Mark Scheifele wins face-off versus Matt Duchene in neutral zone.
16:01 of 1st period - Shot by Mark Scheifele.
16:01 of 1st period - Deflect By Brandon Dubinsky.
16:01 of 1st period - Shot Blocked by T.J. Brodie.
16:25 of 1st period - Shot by Matt Duchene.
16:25 of 1st period - Shot Misses the Net.
16:44 of 1st period - Off-side.
16:45 of 1st period - Pavel Datsyuk wins face-off versus Ryan OReilly in neutral zone.
17:07 of 1st period - Shot by Vladimir Tarasenko.
17:07 of 1st period - Shot Misses the Net.
17:09 of 1st period - Shot by Danny DeKeyser.
17:09 of 1st period - Shot Blocked by Travis Hamonic.
17:28 of 1st period - Pavel Datsyuk is hit by Travis Hamonic and loses puck.
17:29 of 1st period - Minor Penalty to Travis Hamonic for Roughing.
17:30 of 1st period - Brandon Dubinsky wins face-off versus Matt Duchene in Ducks zone.
18:11 of 1st period - Off-side.
18:12 of 1st period - Blake Comeau wins face-off versus Joe Thornton in neutral zone.
18:20 of 1st period - Off-side.
18:21 of 1st period - Blake Comeau wins face-off versus Joe Thornton in neutral zone.
19:15 of 1st period - Shot by Patrick Kane.
19:15 of 1st period - Shot Misses the Net.
19:17 of 1st period - Shot by Tyler Myers.
19:17 of 1st period - Shot Misses the Net.
19:19 of 1st period - Shot by Danny DeKeyser.
19:19 of 1st period - Deflect By Patrick Kane.
19:19 of 1st period - Goal by Patrick Kane - Ducks : 0 - Panthers : 4.
19:20 of 1st period - Claude Giroux wins face-off versus Artem Anisimov in neutral zone.
19:35 of 1st period - Andrei Markov is hit by Trevor van Riemsdyk and loses puck.
Goals for this period are 0 for Ducks vs 4 for Panthers.
Shots for this period are 4 for Ducks vs 18 for Panthers.

2nd period


0:01 of 2nd period - Mark Scheifele wins face-off versus Matt Duchene in neutral zone.
0:04 of 2nd period - T.J. Brodie is hit by Pascal Dupuis and loses puck.
0:37 of 2nd period - Shot by Matt Duchene.
0:37 of 2nd period - Shot Misses the Net.
1:16 of 2nd period - Off-side.
1:17 of 2nd period - Joe Thornton wins face-off versus Mikhail Grigorenko in neutral zone.
1:19 of 2nd period - Jacob Trouba is hit by Matt Hunwick and loses puck.
3:01 of 2nd period - Shot by Brandon Dubinsky.
3:01 of 2nd period - Stopped by Marc-Andre Fleury without a rebound.
3:02 of 2nd period - Wayne Simmonds wins face-off versus Pierre-Edouard Bellemare in Panthers zone.
4:07 of 2nd period - Minor Penalty to Matt Hunwick for Hooking.
4:08 of 2nd period - Brandon Dubinsky wins face-off versus Matt Duchene in Ducks zone.
4:40 of 2nd period - Icing by Tyler Myers.
4:41 of 2nd period - Blake Comeau wins face-off versus Matt Duchene in Panthers zone.
4:44 of 2nd period - Shot by Colton Parayko.
4:44 of 2nd period - Shot Misses the Net.
4:52 of 2nd period - Shot by Matt Duchene.
4:52 of 2nd period - Shot Blocked by Eric Nystrom.
5:33 of 2nd period - Shot by Vladimir Tarasenko.
5:33 of 2nd period - Stopped by Robin Lehner without a rebound.
5:34 of 2nd period - Blake Comeau wins face-off versus Matt Duchene in Ducks zone.
6:20 of 2nd period - Shot by Mikkel Boedker.
6:20 of 2nd period - Stopped by Robin Lehner without a rebound.
6:21 of 2nd period - Blake Comeau wins face-off versus Joe Thornton in Ducks zone.
6:26 of 2nd period - Shot by Ryan OReilly.
6:26 of 2nd period - Shot Misses the Net.
6:34 of 2nd period - Shot by Pavel Datsyuk.
6:34 of 2nd period - Shot Misses the Net.
6:36 of 2nd period - Shot by Vladimir Tarasenko.
6:36 of 2nd period - Stopped by Robin Lehner without a rebound.
6:37 of 2nd period - Claude Giroux wins face-off versus Artem Anisimov in Ducks zone.
6:39 of 2nd period - Wayne Simmonds is hit by Artem Anisimov and loses puck.
6:48 of 2nd period - Shot by Wayne Simmonds.
6:48 of 2nd period - Stopped by Marc-Andre Fleury without a rebound.
6:49 of 2nd period - Joe Thornton wins face-off versus Mark Scheifele in Panthers zone.
7:00 of 2nd period - Shot by Pavel Datsyuk.
7:00 of 2nd period - Shot Blocked by Travis Hamonic.
9:09 of 2nd period - Icing by Claude Giroux.
9:10 of 2nd period - Claude Giroux wins face-off versus Pierre-Edouard Bellemare in Ducks zone.
9:10 of 2nd period - Bobby Ryan is hit by Reid Boucher.
10:52 of 2nd period - Shot by Patrick Kane.
10:52 of 2nd period - Stopped by Robin Lehner without a rebound.
10:53 of 2nd period - Matt Duchene wins face-off versus Mikhail Grigorenko in Ducks zone.
11:02 of 2nd period - Shot by Nikolaj Ehlers.
11:02 of 2nd period - Shot Misses the Net.
11:23 of 2nd period - Mikhail Grigorenko is hit by Jacob Trouba.
11:33 of 2nd period - Mikhail Grigorenko is hit by Danny DeKeyser and loses puck.
11:52 of 2nd period - Shot by Mark Scheifele.
11:52 of 2nd period - Shot Misses the Net.
11:54 of 2nd period - Shot by Colton Parayko.
11:54 of 2nd period - Shot Blocked by Jacob Trouba.
11:56 of 2nd period - Shot by Brandon Dubinsky.
11:56 of 2nd period - Stopped by Marc-Andre Fleury without a rebound.
11:57 of 2nd period - Artem Anisimov wins face-off versus Mark Scheifele in Panthers zone.
12:11 of 2nd period - Minor Penalty to Mikkel Boedker for Hooking.
12:12 of 2nd period - Pierre-Edouard Bellemare wins face-off versus Wayne Simmonds in Panthers zone.
12:12 of 2nd period - Pierre-Edouard Bellemare is hit by Wayne Simmonds.
12:26 of 2nd period - Shot by Wayne Simmonds.
12:26 of 2nd period - Shot Blocked by Pavel Datsyuk.
12:28 of 2nd period - Shot by Aaron Ekblad.
12:28 of 2nd period - Shot Blocked by T.J. Brodie.
12:30 of 2nd period - Shot by Colton Parayko.
12:30 of 2nd period - Shot Blocked by Justin Braun.
12:32 of 2nd period - Shot by Claude Giroux.
12:32 of 2nd period - Shot Misses the Net.
13:18 of 2nd period - Shot by Ryan OReilly.
13:18 of 2nd period - Shot Blocked by Jacob Trouba.
13:20 of 2nd period - Shot by Ryan OReilly.
13:20 of 2nd period - Stopped by Marc-Andre Fleury with a rebound.
13:52 of 2nd period - Shot by Aaron Ekblad.
13:52 of 2nd period - Stopped by Marc-Andre Fleury with a rebound.
13:54 of 2nd period - Shot by Claude Giroux.
13:54 of 2nd period - Stopped by Marc-Andre Fleury without a rebound.
13:55 of 2nd period - Artem Anisimov wins face-off versus Claude Giroux in Panthers zone.
14:21 of 2nd period - Minor Penalty to Matt Hunwick for Holding Stick.
14:22 of 2nd period - Brandon Dubinsky wins face-off versus Vladimir Tarasenko in Ducks zone.
16:40 of 2nd period - Shot by Wayne Simmonds.
16:40 of 2nd period - Deflect By Claude Giroux.
16:40 of 2nd period - Stopped by Marc-Andre Fleury with a rebound.
16:42 of 2nd period - Shot by Bobby Ryan.
16:42 of 2nd period - Deflect By Wayne Simmonds.
16:42 of 2nd period - Stopped by Marc-Andre Fleury without a rebound.
16:43 of 2nd period - Pierre-Edouard Bellemare wins face-off versus Mark Scheifele in Panthers zone.
16:55 of 2nd period - Brandon Dubinsky is hit by T.J. Brodie and loses puck.
16:58 of 2nd period - Shot by Mark Scheifele.
16:58 of 2nd period - Stopped by Marc-Andre Fleury without a rebound.
16:59 of 2nd period - Claude Giroux wins face-off versus Matt Duchene in Panthers zone.
17:17 of 2nd period - Shot by Tyler Myers.
17:17 of 2nd period - Shot Misses the Net.
18:01 of 2nd period - Off-side.
18:02 of 2nd period - Ryan OReilly wins face-off versus Artem Anisimov in neutral zone.
18:04 of 2nd period - Off-side.
18:05 of 2nd period - Joe Thornton wins face-off versus Ryan OReilly in neutral zone.
18:10 of 2nd period - Shot by Pavel Datsyuk.
18:10 of 2nd period - Stopped by Robin Lehner without a rebound.
18:11 of 2nd period - Ryan OReilly wins face-off versus Joe Thornton in Ducks zone.
18:20 of 2nd period - Icing by Justin Braun.
18:21 of 2nd period - Joe Thornton wins face-off versus Mark Scheifele in Panthers zone.
18:26 of 2nd period - Minor Penalty to Pascal Dupuis for Hooking.
18:27 of 2nd period - Brandon Dubinsky wins face-off versus Nikolaj Ehlers in Ducks zone.
19:34 of 2nd period - Pavel Datsyuk is hit by Colton Parayko and loses puck.
Goals for this period are 0 for Ducks vs 0 for Panthers.
Shots for this period are 9 for Ducks vs 5 for Panthers.

3rd period


0:01 of 3rd period - Joe Thornton wins face-off versus Brandon Dubinsky in neutral zone.
0:16 of 3rd period - Shot by Pavel Datsyuk.
0:16 of 3rd period - Stopped by Robin Lehner without a rebound.
0:17 of 3rd period - Brandon Dubinsky wins face-off versus Matt Duchene in Ducks zone.
0:27 of 3rd period - Icing by Danny DeKeyser.
0:28 of 3rd period - Artem Anisimov wins face-off versus Ryan OReilly in Panthers zone.
0:58 of 3rd period - T.J. Brodie is hit by Travis Hamonic and loses puck.
1:02 of 3rd period - Artem Anisimov is hit by Aaron Ekblad and loses puck.
1:12 of 3rd period - Icing by Boone Jenner.
1:13 of 3rd period - Matt Duchene wins face-off versus Ryan OReilly in Ducks zone.
1:29 of 3rd period - Patrick Kane is hit by Travis Hamonic and loses puck.
2:17 of 3rd period - Icing by Vladimir Tarasenko.
2:18 of 3rd period - Mark Scheifele wins face-off versus Joe Thornton in Panthers zone.
2:52 of 3rd period - Pascal Dupuis is hit by Tyler Myers and loses puck.
3:00 of 3rd period - Brandon Dubinsky is hit by Trevor van Riemsdyk and loses puck.
3:30 of 3rd period - Artem Anisimov is hit by Wayne Simmonds and loses puck.
3:44 of 3rd period - Icing by Justin Braun.
3:45 of 3rd period - Artem Anisimov wins face-off versus Mikhail Grigorenko in Panthers zone.
3:45 of 3rd period - Artem Anisimov is hit by Antoine Roussel.
3:46 of 3rd period - Minor Penalty to Antoine Roussel for Slashing.
3:47 of 3rd period - Brandon Dubinsky wins face-off versus Patrick Kane in Ducks zone.
3:54 of 3rd period - Shot by T.J. Brodie.
3:54 of 3rd period - Stopped by Robin Lehner without a rebound.
3:55 of 3rd period - Matt Duchene wins face-off versus Brandon Dubinsky in Ducks zone.
4:00 of 3rd period - Shot by T.J. Brodie.
4:00 of 3rd period - Stopped by Robin Lehner without a rebound.
4:01 of 3rd period - Brandon Dubinsky wins face-off versus Matt Duchene in Ducks zone.
4:09 of 3rd period - Off-side.
4:10 of 3rd period - Joe Thornton wins face-off versus Brandon Dubinsky in neutral zone.
4:21 of 3rd period - Shot by T.J. Brodie.
4:21 of 3rd period - Shot Blocked by Matt Hunwick.
4:36 of 3rd period - Icing by Pavel Datsyuk.
4:37 of 3rd period - Brandon Dubinsky wins face-off versus Joe Thornton in Panthers zone.
6:01 of 3rd period - Icing by Justin Braun.
6:02 of 3rd period - Ryan OReilly wins face-off versus Artem Anisimov in Panthers zone.
6:13 of 3rd period - Mikkel Boedker is hit by Blake Comeau and loses puck.
6:20 of 3rd period - Shot by Ryan OReilly.
6:20 of 3rd period - Shot Misses the Net.
6:21 of 3rd period - Minor Penalty to Justin Braun for Holding.
6:22 of 3rd period - Pierre-Edouard Bellemare wins face-off versus Claude Giroux in Panthers zone.
6:22 of 3rd period - Pierre-Edouard Bellemare is hit by Wayne Simmonds.
6:38 of 3rd period - Icing by Aaron Ekblad.
6:39 of 3rd period - Artem Anisimov wins face-off versus Claude Giroux in Ducks zone.
6:52 of 3rd period - Shot by Claude Giroux.
6:52 of 3rd period - Shot Misses the Net.
6:54 of 3rd period - Shot by Wayne Simmonds.
6:54 of 3rd period - Deflect By Bobby Ryan.
6:54 of 3rd period - Shot Blocked by Tyler Myers.
6:56 of 3rd period - Shot by Colton Parayko.
6:56 of 3rd period - Shot Misses the Net.
6:58 of 3rd period - Shot by Wayne Simmonds.
6:58 of 3rd period - Goal by Wayne Simmonds - Ducks : 1 - Panthers : 4.
6:59 of 3rd period - Mark Scheifele wins face-off versus Matt Duchene in neutral zone.
7:05 of 3rd period - Icing by T.J. Brodie.
7:06 of 3rd period - Mark Scheifele wins face-off versus Matt Duchene in Panthers zone.
7:19 of 3rd period - Shot by Matt Duchene.
7:19 of 3rd period - Goal by Matt Duchene - Ducks : 1 - Panthers : 5.
7:20 of 3rd period - Joe Thornton wins face-off versus Ryan OReilly in neutral zone.
7:23 of 3rd period - Shot by Pavel Datsyuk.
7:23 of 3rd period - Shot Hit the Post.
7:25 of 3rd period - Shot by Vladimir Tarasenko.
7:25 of 3rd period - Shot Blocked by Blake Comeau.
7:35 of 3rd period - Shot by Vladimir Tarasenko.
7:35 of 3rd period - Shot Misses the Net.
7:47 of 3rd period - Shot by Vladimir Tarasenko.
7:47 of 3rd period - Stopped by Robin Lehner without a rebound.
7:48 of 3rd period - Mark Scheifele wins face-off versus Patrick Kane in Ducks zone.
7:57 of 3rd period - Shot by Brandon Dubinsky.
7:57 of 3rd period - Stopped by Marc-Andre Fleury with a rebound.
7:59 of 3rd period - Shot by Pascal Dupuis.
7:59 of 3rd period - Shot Blocked by Justin Braun.
8:01 of 3rd period - Shot by Mark Scheifele.
8:01 of 3rd period - Shot Blocked by Justin Braun.
8:03 of 3rd period - Shot by Mark Scheifele.
8:03 of 3rd period - Shot Misses the Net.
8:13 of 3rd period - Shot by Mark Scheifele.
8:13 of 3rd period - Deflect By Pascal Dupuis.
8:13 of 3rd period - Stopped by Marc-Andre Fleury without a rebound.
8:14 of 3rd period - Ryan OReilly wins face-off versus Joe Thornton in Panthers zone.
9:00 of 3rd period - Icing by Matt Hunwick.
9:01 of 3rd period - Matt Duchene wins face-off versus Ryan OReilly in Ducks zone.
9:01 of 3rd period - T.J. Brodie is hit by Matt Hunwick and loses puck.
9:43 of 3rd period - Shot by Matt Duchene.
9:43 of 3rd period - Shot Misses the Net.
9:45 of 3rd period - Shot by T.J. Brodie.
9:45 of 3rd period - Stopped by Robin Lehner with a rebound.
9:54 of 3rd period - Icing by Brandon Dubinsky.
9:55 of 3rd period - Artem Anisimov wins face-off versus Mark Scheifele in Ducks zone.
10:12 of 3rd period - Shot by Artem Anisimov.
10:12 of 3rd period - Stopped by Robin Lehner with a rebound.
10:29 of 3rd period - Icing by Aaron Ekblad.
10:30 of 3rd period - Brandon Dubinsky wins face-off versus Joe Thornton in Ducks zone.
12:04 of 3rd period - Shot by Boone Jenner.
12:04 of 3rd period - Goal by Boone Jenner - Ducks : 2 - Panthers : 5.
12:05 of 3rd period - Eric Nystrom wins face-off versus Matt Duchene in neutral zone.
12:23 of 3rd period - Off-side.
12:24 of 3rd period - Ryan OReilly wins face-off versus Artem Anisimov in neutral zone.
12:49 of 3rd period - Shot by Boone Jenner.
12:49 of 3rd period - Stopped by Marc-Andre Fleury without a rebound.
12:50 of 3rd period - Mark Scheifele wins face-off versus Matt Duchene in Panthers zone.
13:08 of 3rd period - Shot by Patrick Kane.
13:08 of 3rd period - Shot Misses the Net.
13:10 of 3rd period - Shot by Matt Duchene.
13:10 of 3rd period - Shot Hit the Post.
13:12 of 3rd period - Shot by Patrick Kane.
13:12 of 3rd period - Stopped by Robin Lehner without a rebound.
13:13 of 3rd period - Artem Anisimov wins face-off versus Claude Giroux in Ducks zone.
13:35 of 3rd period - Icing by Matt Hunwick.
13:36 of 3rd period - Matt Duchene wins face-off versus Claude Giroux in Ducks zone.
14:51 of 3rd period - Shot by Brandon Dubinsky.
14:51 of 3rd period - Shot Misses the Net.
16:09 of 3rd period - Shot by Artem Anisimov.
16:09 of 3rd period - Stopped by Robin Lehner without a rebound.
16:10 of 3rd period - Mikhail Grigorenko wins face-off versus Matt Duchene in Ducks zone.
16:10 of 3rd period - Mikhail Grigorenko is hit by Matt Duchene.
16:24 of 3rd period - Shot by Mikhail Grigorenko.
16:24 of 3rd period - Stopped by Marc-Andre Fleury without a rebound.
16:25 of 3rd period - Claude Giroux wins face-off versus Reid Boucher in Panthers zone.
16:42 of 3rd period - Shot by Bobby Ryan.
16:42 of 3rd period - Deflect By Wayne Simmonds.
16:42 of 3rd period - Shot Misses the Net.
16:44 of 3rd period - Shot by Colton Parayko.
16:44 of 3rd period - Stopped by Marc-Andre Fleury without a rebound.
16:45 of 3rd period - Matt Duchene wins face-off versus Mark Scheifele in Panthers zone.
17:10 of 3rd period - Shot by Mark Scheifele.
17:10 of 3rd period - Shot Misses the Net.
17:12 of 3rd period - Shot by Aaron Ekblad.
17:12 of 3rd period - Stopped by Marc-Andre Fleury without a rebound.
17:13 of 3rd period - Ryan OReilly wins face-off versus Joe Thornton in Panthers zone.
18:09 of 3rd period - Shot by Brandon Dubinsky.
18:09 of 3rd period - Stopped by Marc-Andre Fleury without a rebound.
18:10 of 3rd period - Matt Duchene wins face-off versus Claude Giroux in Panthers zone.
18:15 of 3rd period - Jacob Trouba is hit by Wayne Simmonds and loses puck.
18:30 of 3rd period - Shot by Wayne Simmonds.
18:30 of 3rd period - Stopped by Marc-Andre Fleury without a rebound.
18:31 of 3rd period - Artem Anisimov wins face-off versus Mark Scheifele in Panthers zone.
18:52 of 3rd period - Shot by Mark Scheifele.
18:52 of 3rd period - Shot Misses the Net.
18:55 of 3rd period - Icing by Tyler Myers.
18:56 of 3rd period - Ryan OReilly wins face-off versus Mikkel Boedker in Panthers zone.
19:24 of 3rd period - Shot by Artem Anisimov.
19:24 of 3rd period - Shot Blocked by Travis Hamonic.
19:51 of 3rd period - Icing by Travis Hamonic.
19:52 of 3rd period - Vladimir Tarasenko wins face-off versus Ryan OReilly in Ducks zone.
19:59 of 3rd period - Shot by Vladimir Tarasenko.
19:59 of 3rd period - Shot Misses the Net.
Goals for this period are 2 for Ducks vs 1 for Panthers.
Shots for this period are 10 for Ducks vs 9 for Panthers.